 Dungeon Crawl Stone Soup version 0.18-a0-1211-g828307d (webtiles) character file.

49 wvc the Stinger (level 3, -1/23 HPs)
             Began as a Tengu Wanderer on Feb 2, 2016.
             Slain by a kobold (2 damage)
             ... on level 2 of the Dungeon.
             The game lasted 00:03:25 (1457 turns).

wvc the Stinger (Tengu Wanderer)                    Turns: 1457, Time: 00:03:25

Health: -1/23      AC:  3    Str: 11    XL:     3   Next: 75%
Magic:  4/4        EV: 12    Int: 14    God:
Gold:   25         SH:  0    Dex: 13    Spells: 1 memorised, 0 levels left

rFire  . . .     SeeInvis .     b - +0 hand axe
rCold  . . .     Gourm    .     g - +0 leather armour
rNeg   . . .     Faith    .     (no shield)
rPois  .         Spirit   .     (helmet restricted)
rElec  .         Dismiss  .     (no cloak)
rCorr  .         Reflect  .     (no gloves)
SustAt .         Harm     .     (boots unavailable)
MR     .....                    (no amulet)
Stlth  +.........               (no ring)
                                (no ring)

@: lethally poisoned (-1 -> -5), not resistant to hostile enchantments, very
unstealthy
A: beak, talons 3
a: no special abilities


You were on level 2 of the Dungeon.
You were hungry.

You visited 1 branch of the dungeon, and saw 2 of its levels.

You collected 25 gold pieces.

Inventory:

Hand Weapons
 b - a +0 hand axe (weapon)
Missiles
 k - 4 javelins (quivered)
 o - 8 exploding tomahawks
Armour
 g - a +0 leather armour (worn)
Jewellery
 n - an uncursed ring of teleportation
Scrolls
 c - a scroll of teleportation
 d - a scroll of identify
 e - 2 scrolls of recharging
Books
 a - a Young Poisoner's Handbook

   Spells                             Type                      Level
   a - Sting                          Conjuration/Poison           1
   b - Cure Poison                    Poison                       2
   c - Mephitic Cloud                 Conjuration/Poison/Air       3
   d - Olgreb's Toxic Radiance        Poison                       4
   e - Venom Bolt                     Conjuration/Poison           5
Comestibles
 f - 4 bread rations
 p - a meat ration
 q - a royal jelly


   Skills:
 - Level 3.0 Fighting
 + Level 2.8 Axes
 - Level 1.0 Throwing
 - Level 2.1 Armour
 - Level 2.0 Dodging
 - Level 1.0 Stealth
 + Level 3.0 Poison Magic


You couldn't memorise any spells.
You knew the following spells:

 Your Spells              Type           Power        Failure   Level  Hunger
a - Cure Poison           Pois           #.........   17%         2    ###....


Dungeon Overview and Level Annotations

Branches:
Dungeon (2/15)

Altars:
Sif Muna
The Shining One


Innate Abilities, Weirdness & Mutations

You have a beak for a mouth.
You have claws for feet.


Message History

You closely miss the kobold. The kobold misses you.
You barely miss the kobold.
You feel sick. The kobold closely misses you.
You completely miss the kobold. You claw the kobold, but do no damage.
You peck the kobold.
The kobold is moderately wounded.
The kobold hits you.
* * * LOW HITPOINT WARNING * * *
The kobold barely misses you.
You miss the kobold.
The kobold is moderately wounded.
The kobold hits you.
* * * LOW HITPOINT WARNING * * *
You hit the kobold but do no damage. Your kick misses the kobold.
The kobold is moderately wounded.
The kobold barely misses you.
You hit the kobold.
The kobold is severely wounded.
* * * LOW HITPOINT WARNING * * *
You feel sick. The kobold hits you.
You die...

########.## #.#
# #. #..# #.# +.
##.####.#######.
#..[....[.....†.
#..####.########
#...# #.#
#.#.###.#
######?#..##.#
#.KK@..##.##.#
#.#######.##.+
#####.# #.##.#
#'###K..)S# #.#
.......g### #<#
....K.K.# #..
.....?..# ##.
........#
.......##


You could see 2 kobolds.

Vanquished Creatures
  2 adders (D:2)
  A worm (D:2)
  A giant gecko (D:2)
  4 goblins
  3 hobgoblins
  A ball python (D:1)
  6 bats (D:1)
  A giant newt (D:1)
  2 kobolds (D:1)
  7 rats
28 creatures vanquished.

Vanquished Creatures (others)
  4 toadstools (D:1)
4 creatures vanquished.

Grand Total: 32 creatures vanquished

Notes
Turn   | Place    | Note
--------------------------------------------------------------
     0 | D:1      | wvc the Tengu Wanderer began the quest for the Orb.
     0 | D:1      | wvc set off with: a Young Poisoner's Handbook, a +0 hand axe, a scroll of teleportation, a +0 robe, a bread ration
     0 | D:1      | Reached XP level 1. HP: 14/14 MP: 2/2
   296 | D:1      | Reached skill level 1 in Armour
   364 | D:1      | Reached XP level 2. HP: 13/19 MP: 3/3
   671 | D:1      | Reached skill level 1 in Dodging
  1091 | D:2      | Reached XP level 3. HP: 14/23 MP: 4/4
  1335 | D:2      | Found a deep blue altar of Sif Muna.
  1342 | D:2      | Found a glowing golden altar of the Shining One.
  1391 | D:2      | Learned a level 2 spell: Cure Poison
  1457 | D:2      | HP: 1/23 [poisoned by an adder]
  1457 | D:2      | Slain by a kobold

Vault maps used:
D:1:      ldierk_water_garden
D:2:      nicolae_overflow_hidden_temple

Action                   || total
-------------------------++-------
Melee: Hand axe          ||    93
Throw: Javelin           ||     9
  Use: Scroll            ||     5
       Potion            ||     2
 Stab: Sleeping          ||     1
  Eat: Chunk             ||     1
